 Dungeon Crawl Stone Soup version 0.30-a0-778-g2ef04afb54 (webtiles) character file.

Game seed: 10963483230400217842

11 Esekla the Sneak (level 2, 21/21 HPs)
             Began as an Octopode Delver on Feb 16, 2023.
             Quit the game on level 5 of the Dungeon.
             The game lasted 00:00:56 (153 turns).

Esekla the Sneak (Octopode Delver)                   Turns: 153, Time: 00:00:56

Health: 21/21      AC:  1    Str: 11    XL:     2   Next: 25%
Magic:  2/2        EV: 13    Int: 12    God:
Gold:   0          SH:  0    Dex: 13    Spells: 1/1 levels left

rFire   . . .      SeeInvis .    a - +0 falchion
rCold   . . .      Faith    .    (no shield)
rNeg    . . .      Spirit   .    (helmet restricted)
rPois   .          Reflect  .    (no amulet)
rElec   .          Harm     .    (no ring)
rCorr   .          Rampage  .    (no ring)
Will    .....                    (no ring)
Stlth   ++++                     (no ring)
HPRegen 0.23/turn                (no ring)
MPRegen 0.08/turn                (no ring)
                                 (no ring)
                                 (no ring)

@: no status effects
A: almost no armour, amphibious, 8 rings, camouflage 1, gelatinous body 1,
(nimble swimmer 1), tentacles
a: no special abilities


You were on level 5 of the Dungeon.
You visited 1 branch of the dungeon, and saw 1 of its levels.

Inventory:

Hand Weapons
 a - a +0 falchion (weapon)
Wands
 f - a wand of digging (3)
Scrolls
 b - a scroll of fog
 d - a scroll of fear
Potions
 c - 2 potions of curing {unknown}
 e - a potion of haste


   Skills:
 + Level 3.0 Fighting
 + Level 2.0 Long Blades
 + Level 2.1 Dodging
 + Level 7.1 Stealth


You had one spell level left.
You didn't know any spells.
Your spell library was empty.

Dungeon Overview and Level Annotations

Branches:
Dungeon (5/15)
 Temple: D:4-7

Altars:
Cheibriados


Innate Abilities, Weirdness & Mutations

You cannot wear most types of armour.
You are amphibious.
You can wear up to eight rings at the same time.
Your skin changes colour to match your surroundings (Stealth+).
Your rubbery body absorbs attacks. (AC +1, EV +1)
((You are camouflaged when in or above water. (Stealth+)))
You have tentacles for arms and can constrict up to eight enemies at once.


Message History

You start resting.
You hear the slow hiss of a very distant avalanche of sand.
You feel sick.
You start resting.
You feel sick. x4
You are no longer poisoned.
You start resting.
You hear the slow hiss of a very distant avalanche of sand.
You see here an adder corpse.
The quokka barely misses you.
You slash the quokka!
You kill the quokka!
You see here a quokka corpse.
Found a scroll labelled FERHUN GAMEAN.
A gnoll comes into view. It is wielding a +0 halberd.
An ice beast comes into view.
An iguana comes into view.
A gnoll bouda, 2 gnolls and 2 orcs come into view.
An orc is wielding a +1 whip of draining.
An orc comes into view. It is wielding a +0 club.
Found a stone staircase leading down.
The orc shouts!
The gnoll shouts!
The orc shouts!
The gnoll shouts!
You hear a shout!
You hear a shout!
An orc wizard comes into view. It is wielding a +0 dagger.
Found a scroll labelled EPEGRI ZEXOXAICH.
Found 2 fizzy golden potions.
The gnoll bouda gazes fiercely through you!
You feel your attacks grow feeble.
Found a stone staircase leading up.
Your attacks no longer feel as feeble.
A jelly comes into view.
The gnoll bouda barks out a call to the hunt!
Found 2 blue potions.
Found a stone staircase leading up.
Found 3 stones and a garnet ring.
Found a snail-covered altar of Cheibriados.
Found a scroll labelled ALUS TATHRI.
Found a stone staircase leading down.
You hear the slow hiss of a very distant avalanche of sand.
You see here a +6 ring of strength.
Are you sure you want to abandon this character and quit the game? (Confirm with "yes".)

#*#######.#....≈≈§§§≈§,*
.,.<......#..≈≈≈≈§§≈..,**
######..........§§§...,,**
......J##.#.##....##?,,,,*
.#####.!.###g..##.....,,,*
........## ##..#**##..,,,*
###g.###.#*#.#o## **,,,**
# #..# *#.#.#.(.## **,**
#*#..# *#.#.###@#****,***
.....# *#...*
#........,******** ...#<#
**.#..#*#.#####..,,,,,,,,*
.....# #.,........*
***,******,*
.#.###*#,.#,#.###.* *,*
*,* ....,,,,>#,,,** *.#
*,* *,* ,.,##******,** *.#
*,* *,* ,,,********,* *.#
*,* *,* ,,,**,,,,,,,* *,*
*,* *,*


You could see a gnoll bouda and an orc.

Vanquished Creatures
  An adder (D:5)
  A quokka (D:5)
2 creatures vanquished.

Notes
Turn   | Place    | Note
-------+----------+-------------------------------------------
     0 | D:5      | Esekla the Octopode Delver began the quest for the Orb.
     0 | D:5      | Reached XP level 1. HP: 16/16 MP: 1/1
    47 | D:5      | Reached skill level 7 in Stealth
    47 | D:5      | Reached XP level 2. HP: 8/21 MP: 2/2
   111 | D:5      | Noticed an ice beast
   144 | D:5      | Found a snail-covered altar of Cheibriados.
   153 | D:5      | Quit the game

Illustrated notes

Levels and vault maps discovered:
D:5:      layout_loops_ring, mainiacjoe_overflow_catwalk, enter_ossuary_1,
          uniq_crazy_yiuf_cottage

Skill      XL: |  1 |
---------------+----+-----
Stealth        | 7 |  7.1
Fighting       | |  3.0
Long Blades    | |  2.0
Dodging        | |  2.1

Action                     || total
---------------------------++-------
  Melee: Falchion          ||     3
         Tentacles         ||     1
    Use: Scroll            ||     1
  Dodge: Dodged            ||     1

Table legend: (Time is in decaauts)
 A = Elapsed time spent in this place.
 B = Non-inter-level travel time spent in this place.
 C = Inter-level travel time spent in this place.
 D = Time resting spent in this place.
 E = Time spent auto-exploring this place.
 F = Levels seen in this place.
 G = Mean time per level.
                   A        B        C        D        E       F      G
               +--------+--------+--------+--------+--------+-----+--------+
         Total |    153 |    153 |      0 |     51 |      0 |   1 |  153.0 |
       Dungeon |    153 |    153 |      0 |     51 |      0 |   1 |  153.0 |
               +--------+--------+--------+--------+--------+-----+--------+

Top non-repeatable levels by time:
     D:5: 153 daAuts
